 Dungeon Crawl Stone Soup version 0.23-a0-584-g44dd78f40d (webtiles) character file.

16447 RKaid the Carver (level 12, -2/80 HPs)
             Began as a Human Chaos Knight on Dec 15, 2018.
             Was a Plaything of Xom.
             Slain by a large abomination (6 damage)
             ... on level 3 of the Abyss on Dec 17, 2018.
             The game lasted 01:11:02 (19355 turns).

RKaid the Carver (Human Chaos Knight)              Turns: 19355, Time: 01:11:03

Health: -2/80      AC: 17    Str: 18      XL:     12   Next: 70%
Magic:  0/12       EV: 10    Int: 16 (18) God:    Xom [*.....]
Gold:   723        SH: 11    Dex: 12 (13) Spells: 8/11 levels left

rFire    . . .     SeeInvis +   a - +0 falchion (chaos)
rCold    . . .     Gourm    .   x - +0 shield
rNeg     + . .     Faith    .   L - +0 troll leather armour {regen+}
rPois    +         Spirit   +   B - +2 helmet
rElec    .         Reflect  .   D - +2 ratskin cloak {+Rats rPois rN+ Str-1 Int-1 Dex+1}
rCorr    .         Harm     .   N - +0 pair of gloves {archery}
MR       .....                  y - +0 pair of boots
Stlth    +.........             n - amulet of guardian spirit {Spirit}
HPRegen  0.63/turn              S - ring of see invisible {sInv}
MPRegen  0.13/turn              h - +2 ring of intelligence

@: mighty, slowed, very slow
A: thin metallic scales 1, yellow scales 2, see invisible, deterioration 1,
frail 2, MP-powered wands
a: Renounce Religion, Evoke Ratskin


You were on level 3 of the Abyss.
You worshipped Xom.
You were a special plaything of Xom.
You were hungry.

You visited 2 branches of the dungeon, and saw 12 of its levels.
You visited the Abyss 1 time.
You also visited: Bailey.

You collected 723 gold pieces.

Inventory:

Hand Weapons
 a - a +0 falchion of chaos (weapon)
 b - a +0 hunting sling
   (You found it on level 4 of the Dungeon)
 e - a +0 long sword of freezing
   (You found it in a bailey)
 w - a +0 blowgun
   (You took it off a kobold on level 3 of the Dungeon)
Missiles
 k - 62 poisoned needles
 l - a throwing net {=f}
 q - 63 sling bullets
 s - 189 stones (quivered)
Armour
 m - a +0 chain mail
   (You took it off an orc on level 5 of the Dungeon)
 x - a +0 shield (worn)
   (You found it on level 6 of the Dungeon)
 y - a +0 pair of boots (worn)
   (You found it on level 6 of the Dungeon)
 B - a +2 helmet (worn)
   (You found it on level 8 of the Dungeon)
 D - the +2 ratskin cloak (worn) {+Rats rPois rN+ Str-1 Int-1 Dex+1}
   (You found it on level 5 of the Dungeon)

   It affects your strength (-1).
   It affects your intelligence (-1).
   It affects your dexterity (+1).
   It protects you from poison.
   It protects you from negative energy.
 E - the +4 robe "Didwauh" {*Drain rCorr Str+3 Int+4, unknown}
   (You found it on level 7 of the Dungeon)

   It affects your strength (+3).
   It affects your intelligence (+4).
   It provides partial protection from all sources of acid and corrosion.
   It causes draining when unequipped.
 J - the cursed +1 robe of the Modern Places {+Fly rC++ Dex-3 Slay-3, unknown}
   (You found it on level 7 of the Dungeon)

   It affects your dexterity (-3).
   It affects your accuracy and damage with ranged weapons and melee attacks
   (-3).
   It greatly protects you from cold.
   It lets you fly.
   It has a curse placed upon it.
 L - a +0 troll leather armour (worn) {regen+}
   (You found it on level 9 of the Dungeon)
 N - a +0 pair of gloves of archery (worn)
   (You acquired it on level 7 of the Dungeon)
Jewellery
 d - an uncursed ring of ice {rC+, rF-}
   (You found it on level 2 of the Dungeon)
 h - a +2 ring of intelligence (right hand)
   (You took it off an orc priest on level 9 of the Dungeon)
 n - an amulet of guardian spirit (around neck) {Spirit}
   (You found it on level 5 of the Dungeon)
 P - an uncursed amulet of regeneration {unknown}
   (You found it on level 10 of the Dungeon)
 S - a ring of see invisible (left hand) {sInv}
   (You found it on level 5 of the Dungeon)
Wands
 v - a wand of random effects (37)
   (You found it on level 4 of the Dungeon)
 A - a wand of acid (1)
   (Xom gifted it to you on level 6 of the Dungeon)
 C - a wand of clouds (2)
   (You found it on level 10 of the Dungeon)
 K - a wand of flame (2)
   (You took it off an orc warrior on level 9 of the Dungeon)
 R - a wand of enslavement (5)
   (You found it on level 10 of the Dungeon)
Scrolls
 c - 2 scrolls of magic mapping {!r}
 g - 2 scrolls of enchant armour
 o - 7 scrolls of remove curse
 p - 2 scrolls of amnesia
 M - a scroll of fog
Potions
 j - a potion of magic
 r - 2 potions of flight
 u - 5 potions of mutation {!q!q}
 z - 3 potions of might
 F - 4 potions of brilliance
 H - 2 potions of resistance {unknown}
 Q - a potion of cancellation {unknown}
Miscellaneous
 i - a phantom mirror
Comestibles
 f - 13 rations


   Skills:
 + Level 11.1 Fighting
 - Level 14.0 Long Blades
 - Level 2.0 Armour
 - Level 1.0 Dodging
 + Level 9.1 Shields


You had 8 spell levels left.
You knew the following spells:

 Your Spells              Type           Power        Failure   Level  Hunger
a - Confusing Touch       Hex            #.....       54%         1    ##.....
A - Animate Skeleton      Necr           N/A          54%         1    ##.....
D - Apportation           Tloc           #.....       54%         1    ##.....

Your spell library contained the following spells:

 Spells                   Type           Power        Failure   Level  Hunger
 Summon Small Mammal      Summ           #...         54%         1    ##.....


Dungeon Overview and Level Annotations

Branches:
Dungeon (11/15)            Temple (0/1) D:7            Lair (1/6) D:10
    Orc (0/2) D:9

Altars:
Cheibriados
Gozag
Makhleb
Okawaru
Qazlal
Vehumet
Xom
Yredelemnul
Zin
The Shining One

Shops:
D:9 }

Annotations:
D:11 Maurice


Innate Abilities, Weirdness & Mutations

You are partially covered in thin metallic scales. (AC +2)
You are mostly covered in yellow scales. (AC +3)
You have supernaturally acute eyesight. (SInv)
Your body sometimes deteriorates upon taking damage.
You are very frail. (-20% HP)
You expend magic power (3 MP) to strengthen your wands.


Message History

Your quasit bites the small abomination.
Your quasit claws the small abomination but does no damage. x2
Your smoke demon gestures at the quasit.
The quasit is smitten.
The quasit closely misses your ufetubus.
The quasit claws your ufetubus.
The quasit closely misses your ufetubus.
Your ufetubus completely misses the quasit.
Your ufetubus closely misses the quasit.
Something hits your quasit! Something hits your smoke demon!!
Your quasit misses the quasit.
Your quasit closely misses the quasit.
Your quasit claws the quasit but does no damage.
The quasit bites your ufetubus. The quasit barely misses your ufetubus.
The quasit claws your ufetubus.
Your ufetubus hits the quasit but does no damage.
Your ufetubus misses the quasit.
The worldbinder calls forth creatures from the Crypt!
Your quasit barely misses the quasit.
Your quasit closely misses the quasit.
Your quasit barely misses the quasit.
Your ufetubus completely misses the quasit.
Your ufetubus closely misses the quasit.
The quasit misses your ufetubus.
The quasit closely misses your ufetubus.
The quasit completely misses your ufetubus.
The small abomination hits your smoke demon!!
Your smoke demon gestures at the quasit.
The sticky flame hits the quasit.
The quasit resists.
The quasit dies!
You feel sick. "Heh heh heh..."
The wraith looks rather confused.
The shadow looks rather confused.
Your smoke demon gestures at the small abomination.
The small abomination is smitten.
The small abomination hits your smoke demon.
Your smoke demon dies!
Your crimson imp blinks!
Xom smiles on you.
You feel better.
You are now a special plaything of Xom.
Your quasit bites the large abomination but does no damage.
Your quasit claws the large abomination but does no damage. x2
Your ufetubus hits the small abomination.
Your ufetubus hits the small abomination but does no damage.
Your quasit bites the small abomination.
Your quasit closely misses the small abomination. x2
The worldbinder calls forth creatures from the Crypt!
The small abomination closely misses something.
Your ufetubus barely misses the small abomination.
Your ufetubus hits the small abomination.
Xom titters.
You are confused.
The large abomination closely misses your ufetubus.
Something hits your ufetubus!
Your ufetubus dies!
You bump into the rock wall.
The small abomination barely misses something.
The large abomination hits you.
* * * LOW HITPOINT WARNING * * *
You bump into the rock wall.
A chaos spawn comes into view.
The large abomination hits you but does no damage.
The wraith barely misses your quasit.
You barely miss the large abomination.
The chaos spawn roars!
You feel very mighty all of a sudden. The wraith hits you.
* * * LOW HITPOINT WARNING * * *
The wraith drains your vigour!
You feel yourself slow down.
Your quasit barely misses the worldbinder.
Your quasit claws the worldbinder but does no damage. x2
The large abomination hits you but does no damage.
The small abomination closely misses your quasit.
You slash the large abomination!
Lightning courses through the large abomination!
Your quasit bites the worldbinder but does no damage.
Your quasit claws the worldbinder but does no damage. x2
The shadow slips into darkness.
The shadow flickers and vanishes for a moment.
The wraith hits you.
* * * LOW HITPOINT WARNING * * *
The wraith drains your vigour!
You feel as though you will be slow longer.
The large abomination hits you!!
* * * LOW HITPOINT WARNING * * *
The small abomination hits your quasit!
Your quasit dies!
You closely miss the large abomination.
You feel less confused.
The shadow disappears in a puff of smoke!
The wraith disappears in a puff of smoke!
The worldbinder calls forth creatures from the Crypt!
You block the large abomination's attack.
The large abomination closely misses you.
You riposte.
You slash the large abomination!
The large abomination seems to speed up.
The large abomination barely misses you.
You riposte.
You closely miss the large abomination. You block the chaos spawn's attack.
The large abomination hits you.
You die...
Xom bursts into laughter!

. .... .#. #.#. #. ...
.. ..# ..## .. ..#.
#≈≈♣# ##. ##.... ♣≈≈.
#.#####....#..
###§###.§..... ..X#
..###.4.xX..##. .##
...
.......@XWx§#....x#...
. ....#..............
. . ...
#............... # . .
#...........5 ..## .
......##.#.....###..
........#.#.#. .##..#
........ .......X#
........#.... ..5. .#
.. . ....#.#


You could see 2 large abominations, a worldbinder, a chaos spawn, a wraith and a
small abomination.

Vanquished Creatures
  Harold (D:7)
  A two-headed ogre (D:9)
  An orc high priest (Bailey)
  A storm dragon skeleton (Abyss:2)
  A swamp dragon (Abyss:3)
  An orc knight (Bailey)
  A salamander (Lair:1)
  An elephant (D:10)
  A spiny frog (Lair:1)
  A rime drake (Lair:1)
  A kobold demonologist (Bailey)
  An ancient zyme (Abyss:3)
  2 trolls
  A hippogriff (D:10)
  A spriggan (D:10)
  13 yaks
  2 steam dragons
  A hungry ghost (D:9)
  An acid dragon (D:9)
  A water moccasin (Lair:1)
  A porcupine (Lair:1)
  15 orc warriors
  A phantom (D:7)
  An ice beast (D:8)
  2 sky beasts
  A black bear (D:9)
  4 ogres
  3 centaurs
  4 crocodiles
  A big kobold (D:7)
  9 bullfrogs
  A wyvern zombie (D:7)
  2 small abominations (Abyss:3)
  A gnoll sergeant (D:9)
  2 scorpions
  5 killer bees (Lair:1)
  A vampire bat (D:11)
  5 wights (D:6)
  9 howler monkeys
  2 centaur zombies
  6 crimson imps
  2 quasits
  11 orc priests
  8 hounds
  A jelly (D:10)
  3 bullfrog skeletons
  4 iguanas
  5 orc wizards
  A hell rat (D:5)
  11 worker ants
  A killer bee zombie (D:7)
  A hound skeleton (D:4)
  Robin (D:2)
  2 worker ant zombies
  10 adders
  9 gnolls
  6 river rats
  A shadow imp (D:10)
  An ooze (D:3)
  2 adder zombies
  3 adder skeletons
  3 worms
  2 dart slugs
  5 leopard geckos
  An orc (shapeshifter) (D:9)
  44 orcs
  7 bats
  8 giant cockroaches
  21 goblins
  17 hobgoblins
  12 jackals
  7 quokkas
  5 frilled lizards
  7 kobolds
  A quokka skeleton (D:7)
  19 rats
352 creatures vanquished.

Vanquished Creatures (collateral kills)
  2 two-headed ogres
  A swamp dragon (D:9)
  An orc knight (Bailey)
  A gargoyle (D:10)
  A small abomination (Abyss:3)
  A ynoxinul (Abyss:3)
  A basilisk (D:10)
  An orc warrior (D:9)
  An electric eel (Bailey)
  A howler monkey (D:9)
  A quasit (Abyss:3)
  An orc wizard (D:5)
  4 orcs
  A goblin (Bailey)
  2 hobgoblins (Bailey)
  A rat (D:5)
21 creatures vanquished.

Vanquished Creatures (others)
  A dancing weapon (Bailey)
  2 orc warriors
  An orc priest (D:9)
  A gnoll (Bailey)
  A river rat (D:5)
  A fungus (Lair:1)
  A lurking horror (Abyss:3)
8 creatures vanquished.

Grand Total: 381 creatures vanquished

Notes
Turn   | Place    | Note
-------+----------+-------------------------------------------
     0 | D:1      | RKaid the Human Chaos Knight began the quest for the Orb.
     0 | D:1      | Reached XP level 1. HP: 18/18 MP: 1/1
    32 | D:1      | XOM: divination: detect items
    34 | D:1      | Reached XP level 2. HP: 24/24 MP: 2/2
   327 | D:1      | XOM: divination: magic mapping
   737 | D:1      | Found a glowing golden altar of the Shining One.
  1064 | D:2      | Reached XP level 3. HP: 26/29 MP: 3/3
  1074 | D:1      | HP: 7/29 [poisoned by an adder]
  1080 | D:1      | HP: 5/29 [poisoned by an adder]
  1085 | D:1      | HP: 3/29 [poisoned by an adder]
  1092 | D:1      | HP: 2/29 [poisoned by an adder]
  1100 | D:1      | HP: 1/29 [poisoned by an adder]
  1418 | D:1      | XOM: 4-stop teleportation journey
  1452 | D:2      | Noticed Robin
  1498 | D:1      | XOM: scenery: create altars
  1577 | D:1      | XOM: divination: detect items
  1581 | D:1      | XOM: fog
  1685 | D:1      | XOM: enchant monster (bad)
  1687 | D:1      | Reached skill level 4 in Long Blades
  1693 | D:2      | XOM: silly message
  1798 | D:2      | Killed Robin
  1798 | D:2      | Reached XP level 4. HP: 23/36 MP: 4/4
  2953 | D:3      | XOM: harmless Fire miscast
  2974 | D:3      | Reached XP level 5. HP: 42/42 MP: 5/5
  3102 | D:3      | Reached skill level 4 in Fighting
  3160 | D:3      | Found a faded altar of an unknown god.
  3174 | D:3      | XOM: harmless Tmut miscast
  3286 | D:3      | Reached skill level 5 in Long Blades
  3316 | D:3      | XOM: harmless Tmut miscast
  3810 | D:4      | Noticed an ogre
  3835 | D:4      | XOM: cleaving
  3845 | D:3      | XOM: confuse monster(s)
  3859 | D:3      | Killed an ogre
  3859 | D:3      | Reached XP level 6. HP: 35/49 MP: 6/6
  3873 | D:3      | XOM: mild Necr miscast
  4105 | D:4      | Reached skill level 6 in Long Blades
  4105 | D:4      | Reached XP level 7. HP: 53/54 MP: 7/7
  4179 | D:4      | XOM: harmless Summ miscast
  4318 | D:4      | XOM: noise
  4320 | D:4      | XOM: mild Tloc miscast
  4327 | D:4      | XOM: cleaving
  4339 | D:4      | XOM: fog
  4350 | D:4      | Reached skill level 5 in Fighting
  4615 | D:3      | XOM: harmless Erth miscast
  4657 | D:4      | XOM: divination: detect creatures
  5009 | D:4      | Found a burning altar of Makhleb.
  5010 | D:4      | Found a radiant altar of Vehumet.
  5025 | D:4      | Reached skill level 7 in Long Blades
  5057 | D:5      | Entered Level 5 of the Dungeon
  5111 | D:5      | XOM: harmless Hex miscast
  5111 | D:5      | HP: 10/55 [sky beast (6)]
  5121 | D:5      | HP: 15/82 [sky beast (3)]
  5122 | D:5      | XOM: potion effect (invisibility)
  5122 | D:5      | HP: 3/82 [something (5)]
  5129 | D:5      | XOM: harmless Tloc miscast
  5163 | D:5      | HP: 14/56 [hound (2)]
  5164 | D:5      | Reached XP level 8. HP: 16/63 MP: 8/8
  5680 | D:5      | Found the +2 ratskin cloak {+Rats rPois rN+ Str-1 Int-1
                  | Dex+1}
  5700 | D:5      | HP: 15/64 [hell rat (7)]
  5860 | D:5      | XOM: silly message
  5868 | D:5      | XOM: medium Necr miscast
  5869 | D:5      | Noticed a shadow
  5869 | D:5      | Noticed a shadow
  6019 | D:5      | XOM: give mutations
  6019 | D:5      | Gained mutation: Your body sometimes deteriorates upon
                  | taking damage. [Xom's mischief]
  6019 | D:5      | Gained mutation: You are frail. (-10% HP) [Xom's mischief]
  6019 | D:5      | Gained mutation: You are partially covered in yellow
                  | scales. (AC +2) [Xom's mischief]
  6100 | D:4      | XOM: harmless Fire miscast
  6160 | D:5      | XOM: summons friendly quasit
  6195 | D:4      | XOM: harmless Chrm miscast
  6512 | D:5      | Reached skill level 8 in Long Blades
  6610 | D:5      | XOM: enchant monster (good)
  6664 | D:5      | Reached skill level 6 in Fighting
  6736 | D:5      | XOM: harmless Chrm miscast
  6767 | D:5      | Found a basalt altar of Yredelemnul.
  7037 | D:5      | XOM: noise
  7317 | D:6      | Found a stormy altar of Qazlal.
  7548 | D:6      | XOM: harmless Summ miscast
  7575 | D:6      | Reached skill level 9 in Long Blades
  7575 | D:6      | Reached skill level 1 in Shields
  7575 | D:6      | Reached XP level 9. HP: 36/63 MP: 9/9
  7678 | D:6      | XOM: mild Ice miscast
  7740 | D:6      | XOM: harmless Air miscast
  7768 | D:6      | XOM: cleaving
  7784 | D:6      | XOM: summons 3 friendly demons
  7822 | D:6      | XOM: god gift: iron wand {god gift}
  7918 | D:6      | XOM: fog
  8007 | D:6      | XOM: divination: magic mapping
  8023 | D:6      | XOM: potion effect (haste)
  8031 | D:6      | Reached skill level 7 in Fighting
  8031 | D:6      | Reached skill level 2 in Shields
  8401 | D:7      | XOM: harmless Air miscast
  8418 | D:7      | XOM: potion effect (haste)
  8675 | D:7      | XOM: harmless Erth miscast
  8755 | D:7      | XOM: harmless Hex miscast
  8776 | D:7      | XOM: potion effect (haste)
  8794 | D:7      | Got a fabulously ornate robe
  8858 | D:7      | Found an opulent altar of Gozag.
  8858 | D:7      | Found a snail-covered altar of Cheibriados.
  8903 | D:7      | Found a glowing silver altar of Zin.
  8948 | D:7      | XOM: divination: detect creatures
  8949 | D:7      | HP: 15/64 [wyvern zombie (5)]
  9011 | D:7      | Found a flagged portal.
  9013 | D:7      | Reached skill level 3 in Shields
  9030 | Bailey   | Entered a bailey
  9239 | Bailey   | Reached skill level 10 in Long Blades
  9327 | Bailey   | Found an iron altar of Okawaru.
  9327 | Bailey   | Noticed a kobold demonologist
  9327 | Bailey   | Noticed an orc high priest
  9340 | Bailey   | Noticed an orange demon
  9341 | Bailey   | Killed an orc high priest
  9341 | Bailey   | Reached skill level 4 in Shields
  9341 | Bailey   | Reached XP level 10. HP: 62/72 MP: 10/10
  9344 | Bailey   | XOM: scenery: 1 fountains blood, 2 doors open, 3 doors
                  | close
  9345 | Bailey   | Killed a kobold demonologist
  9345 | Bailey   | Reached skill level 8 in Fighting
  9401 | Bailey   | XOM: chaos cloud
  9426 | Bailey   | HP: 12/72 [orc warrior/+0 war axe (17)]
  9427 | Bailey   | XOM: severe Pois miscast
  9431 | Bailey   | Reached skill level 11 in Long Blades
  9686 | Bailey   | XOM: 1-stop teleportation journey
  9708 | Bailey   | Noticed an orc knight
  9800 | Bailey   | XOM: noise
  9811 | Bailey   | Killed an orc knight
  9884 | Bailey   | Noticed an orc knight
  9902 | Bailey   | Killed an orc knight
  9902 | Bailey   | Reached skill level 5 in Shields
 10322 | Bailey   | XOM: medium Fire miscast
 10587 | Bailey   | XOM: cloud trail
 10853 | Bailey   | XOM: noise
 10944 | Bailey   | XOM: divination: detect items
 11373 | D:7      | XOM: harmless Tmut miscast
 11475 | D:7      | XOM: cloud trail
 11575 | D:7      | XOM: scenery: 1 doors close
 11621 | D:7      | Found a staircase to the Ecumenical Temple.
 11691 | D:7      | XOM: harmless Hex miscast
 11711 | D:7      | XOM: divination: detect creatures
 11728 | D:7      | XOM: give mutation
 11728 | D:7      | Gained mutation: Scrolls take you a little longer to read.
                  | [Xom's mischief]
 11801 | D:7      | Got a faintly humming robe
 11893 | D:7      | XOM: mild Conj miscast
 11936 | D:8      | XOM: noise
 11954 | D:8      | XOM: harmless Necr miscast
 11956 | D:8      | XOM: enchant monster (bad)
 11957 | D:8      | XOM: blink monster(s)
 12158 | D:8      | XOM: divination: detect creatures
 12159 | D:8      | Noticed a two-headed ogre
 12250 | D:7      | XOM: scenery: create altars
 12377 | D:8      | Noticed Harold
 12583 | D:8      | XOM: 1-stop teleportation journey
 12590 | D:8      | XOM: divination: detect items
 12702 | D:7      | Killed Harold
 12702 | D:7      | Reached skill level 9 in Fighting
 12702 | D:7      | Reached skill level 12 in Long Blades
 12702 | D:7      | Reached XP level 11. HP: 51/80 MP: 6/11
 12741 | D:7      | Reached skill level 6 in Shields
 13073 | D:8      | XOM: 4-stop teleportation journey
 13081 | D:7      | XOM: summons 2 friendly demons
 13120 | D:7      | Killed a two-headed ogre
 13546 | D:8      | XOM: cloud trail
 13723 | D:8      | XOM: god gift: 2 potions of mutation
 13752 | D:9      | Found a staircase to the Orcish Mines.
 13778 | D:8      | XOM: enchant monster (good)
 13781 | D:8      | XOM: scenery: create altars
 13965 | D:9      | XOM: enchant monster (good)
 14085 | D:8      | XOM: harmless Ice miscast
 14086 | D:8      | Upgraded the game from 0.23-a0-577-g2b1de944cd to
                  | 0.23-a0-584-g44dd78f40d
 14229 | D:8      | HP: 13/80 [orc warrior/+0 battleaxe (16)]
 14765 | D:9      | Found an iron altar of Okawaru.
 14946 | D:9      | Noticed a two-headed ogre
 14986 | D:9      | XOM: harmless Summ miscast
 15000 | D:9      | XOM: confuse monster(s)
 15003 | D:9      | XOM: summons friendly crimson imp
 15033 | D:9      | Killed a two-headed ogre
 15090 | D:9      | XOM: smoke on damage
 15097 | D:9      | XOM: swap monsters
 15360 | D:9      | Noticed a two-headed ogre
 15367 | D:9      | XOM: cast spell 'Necromutation'
 15376 | D:9      | Reached skill level 7 in Shields
 15679 | D:9      | XOM: cast spell 'Summon Dragon'
 15680 | D:9      | Noticed a swamp dragon
 15680 | D:9      | a komodo dragon changed into a swamp dragon
 15688 | D:9      | Killed a swamp dragon
 15740 | D:9      | Reached skill level 13 in Long Blades
 15743 | D:9      | XOM: summons 5 friendly demons
 15747 | D:9      | Killed a two-headed ogre
 16047 | D:9      | Found Fyr Inu's Gadget Boutique.
 16198 | D:9      | Learned a level 1 spell: Animate Skeleton
 16200 | D:9      | Learned a level 1 spell: Apportation
 16202 | D:9      | Learned a level 1 spell: Confusing Touch
 16213 | D:10     | XOM: stealth player
 16213 | D:10     | Entered Level 10 of the Dungeon
 16225 | D:10     | Noticed an elephant
 16231 | D:10     | XOM: summons 7 friendly demons
 16256 | D:9      | XOM: summons friendly iron imp
 16434 | D:10     | XOM: medium Summ miscast
 16626 | D:10     | XOM: confuse monster(s)
 16638 | D:10     | XOM: cast spell 'Summon Hydra'
 16662 | D:10     | XOM: summons friendly ufetubus
 16663 | D:10     | XOM: harmless Tmut miscast
 16669 | D:10     | Reached skill level 10 in Fighting
 16723 | D:10     | Found a staircase to the Lair.
 16723 | D:10     | XOM: blink monster(s)
 16753 | D:10     | XOM: cast spell 'Cause Fear'
 16765 | D:10     | XOM: scenery: 1 doors open
 16768 | D:10     | XOM: mild Necr miscast
 16769 | D:10     | XOM: fog
 16787 | D:10     | Killed an elephant
 16787 | D:10     | Reached XP level 12. HP: 55/86 MP: 7/12
 16794 | D:10     | XOM: 5-stop teleportation journey
 16922 | D:10     | XOM: summons 5 hostile demons
 17036 | D:10     | XOM: medium Hex miscast
 17235 | D:10     | XOM: summons 6 hostile demons
 17266 | D:10     | XOM: give mutations
 17266 | D:10     | Gained mutation: You expend magic power (3 MP) to
                  | strengthen your wands. [Xom's mischief]
 17266 | D:10     | Gained mutation: You are very frail. (-20% HP) [Xom's
                  | mischief]
 17266 | D:10     | Gained mutation: Scrolls take you longer to read. [Xom's
                  | mischief]
 17266 | D:10     | Gained mutation: Scrolls take you much longer to read.
                  | [Xom's mischief]
 17465 | D:11     | Noticed Maurice
 17465 | D:11     | XOM: medium Tloc miscast
 17465 | D:11     | XOM: smoke on damage
 17551 | D:11     | XOM: summons friendly iron imp
 17623 | D:11     | XOM: confuse monster(s)
 17681 | Lair:1   | Entered Level 1 of the Lair of Beasts
 17739 | Lair:1   | XOM: cast spell 'Olgreb's Toxic Radiance'
 17756 | Lair:1   | Reached skill level 8 in Shields
 17801 | Lair:1   | XOM: silly message
 17833 | Lair:1   | XOM: potion effect (heal wounds)
 17846 | Lair:1   | XOM: divination: detect creatures
 17861 | Lair:1   | XOM: stat loss: -1 Int (15/18)
 17867 | Lair:1   | XOM: summons friendly shadow imp
 17881 | Lair:1   | XOM: polymorph yak -> salamander
 17894 | Lair:1   | XOM: summons 2 friendly demons
 17915 | Lair:1   | HP: 18/78 [salamander (11)]
 17920 | Lair:1   | HP: 16/78 [salamander (4)]
 17920 | Lair:1   | HP: 6/78 [salamander (10)]
 17927 | Lair:1   | HP: 6/78 [yak (11)]
 17934 | Lair:1   | Reached skill level 14 in Long Blades
 18154 | Lair:1   | XOM: cast spell 'Summon Small Mammal'
 18158 | Lair:1   | XOM: divination: detect creatures
 18159 | Lair:1   | XOM: polymorph spiny frog -> rime drake
 18173 | Lair:1   | XOM: give mutation
 18173 | Lair:1   | Lost mutation: Scrolls take you much longer to read. [Xom's
                  | mischief]
 18796 | Lair:1   | XOM: severe Summ miscast
 18796 | Lair:1   | Cast into level 2 of the Abyss (the severe capriciousness
                  | of Xom)
 18797 | Abyss:2  | THANKS XOM
 18850 | Abyss:2  | XOM: medium Chrm miscast
 18933 | Abyss:2  | Noticed a starcursed mass
 19004 | Abyss:3  | XOM: fog
 19010 | Abyss:3  | Noticed a large abomination
 19014 | Abyss:3  | XOM: blink monster(s)
 19024 | Abyss:3  | XOM: scenery: create altars
 19088 | Abyss:3  | XOM: give mutations
 19088 | Abyss:3  | Gained mutation: You are mostly covered in yellow scales.
                  | (AC +3) [Xom's grace]
 19088 | Abyss:3  | Gained mutation: You are partially covered in thin metallic
                  | scales. (AC +2) [Xom's grace]
 19088 | Abyss:3  | Lost mutation: Scrolls take you longer to read. [Xom's
                  | grace]
 19088 | Abyss:3  | Lost mutation: Scrolls take you a little longer to read.
                  | [Xom's grace]
 19088 | Abyss:3  | Gained mutation: You have supernaturally acute eyesight.
                  | (SInv) [Xom's grace]
 19091 | Abyss:3  | Noticed a starcursed mass
 19097 | Abyss:3  | Noticed a great orb of eyes
 19102 | Abyss:3  | XOM: enchant monster (good)
 19104 | Abyss:3  | XOM: fog
 19109 | Abyss:3  | Noticed a great orb of eyes
 19112 | Abyss:3  | Noticed a great orb of eyes
 19113 | Abyss:3  | Paralysed by accursed screaming for 1 turns
 19114 | Abyss:3  | Noticed a great orb of eyes
 19118 | Abyss:3  | HP: 13/79 [great orb of eyes (13)]
 19193 | Abyss:3  | XOM: summons 11 friendly demons
 19212 | Abyss:3  | Reached skill level 11 in Fighting
 19234 | Abyss:3  | Noticed a swamp dragon
 19260 | Abyss:3  | XOM: scenery: create altars
 19272 | Abyss:3  | HP: 18/80 [small abomination (6)]
 19274 | Abyss:3  | Noticed a swamp dragon
 19276 | Abyss:3  | HP: 6/80 [small abomination (13)]
 19292 | Abyss:3  | Killed a swamp dragon
 19292 | Abyss:3  | Reached skill level 9 in Shields
 19297 | Abyss:3  | HP: 5/80 [smoke demon/divine providence (10)]
 19305 | Abyss:3  | XOM: divination: magic mapping
 19314 | Abyss:3  | HP: 11/80 [poisoned by a swamp dragon (blast of poison)]
 19321 | Abyss:3  | HP: 11/80 [poisoned by a swamp dragon (blast of poison)]
 19328 | Abyss:3  | HP: 12/80 [poisoned by a swamp dragon (blast of poison)]
 19332 | Abyss:3  | XOM: summons 6 friendly demons
 19333 | Abyss:3  | HP: 13/80 [poisoned by a swamp dragon (blast of poison)]
 19335 | Abyss:3  | Noticed a large abomination
 19338 | Abyss:3  | HP: 15/80 [poisoned by a swamp dragon (blast of poison)]
 19342 | Abyss:3  | XOM: confuse monster(s)
 19345 | Abyss:3  | XOM: potion effect (curing)
 19347 | Abyss:3  | XOM: confusion
 19353 | Abyss:3  | HP: 20/80 [wraith[a worldbinder] (2)]
 19353 | Abyss:3  | HP: 3/80 [large abomination (17)]
 19355 | Abyss:3  | Slain by a large abomination

Vault maps used:
D:1:      ncdulo_watergridlock, roderic_roman_lattice, tso_metal_star
D:2:      first_ration, grunt_ministairs_15, uniq_robin
D:3:      chequers_ecumenical_altar_simple_redux
D:4:      grunt_temple_overflow_lords_of_destruction
D:5:      wander_guarded_unrand_ratskin, lemuel_doored_altar, serial_glass,
          glass_columns_c, glass_columns_a, minmay_strange_pillars,
          due_unseen_surprise, feat_on_display, minmay_strange_pillars
D:6:      grunt_qazlal_clouds
D:7:      grunt_temple_overflow_open, temple_doors_e, enter_bailey_3
D:8:      uniq_harold
D:9:      hangedman_cross_stitches, basic_altar, serial_shops,
          nicolae_shop_window_shopping
D:10:     david_lair_generic, grunt_pizzeria
D:11:     basic_altar, nicolae_lava_and_water, roderic_batcave,
          minmay_protected_statue, uniq_erolcha, uniq_maurice, uniq_fannar
Lair:1:   special_room
Abyss:3:  hangedman_abyss_or_decor_stagger, serial_sigils_hangedman_shear
Bailey:   bailey_axe_of_yendor_kennysheep, bailey

Skill      XL: |  1  2  3  4  5  6  7  8  9 10 11 12 |
---------------+-------------------------------------+-----
Long Blades    | 4 5 6 7 9 10 12 13 14 | 14.0
Fighting       | 4 5 6 7 9 10 11 | 11.1
Shields        | 1 4 5 7 9 |  9.1
Armour         | |  2.0
Dodging        | |  1.0

Action                   |  1- 3 |  4- 6 |  7- 9 | 10-12 || total
-------------------------+-------+-------+-------+-------++-------
Melee: Falchion          |    96 |   191 |   626 |  1069 ||  1982
       Long sword        |       |       |       |   204 ||   204
 Fire: Blowgun           |       |    10 |    28 |     3 ||    41
       Hunting sling     |       |     2 |     4 |    41 ||    47
 Abil: Evoke Ratskin     |       |       |       |     4 ||     4
Evoke: Wand              |       |       |     4 |    30 ||    34
  Use: Scroll            |     4 |     4 |    11 |     8 ||    27
       Potion            |       |       |     6 |    12 ||    18
 Stab: Paralysed         |       |     2 |     9 |    35 ||    46
       Invisible         |       |       |     3 |       ||     3
       Petrified         |       |       |    19 |     2 ||    21
       Confused          |       |       |     1 |    15 ||    16
       Petrifying        |       |       |     1 |     3 ||     4
       Distracted        |       |       |       |     2 ||     2
       Sleeping          |       |       |       |     1 ||     1
  Eat: Ration            |     1 |       |       |     5 ||     6
       Chunk             |       |     7 |    18 |    18 ||    43
Armor: Leather armour    |    42 |    76 |    40 |       ||   158
       Skin              |       |       |    17 |       ||    17
       Chain mail        |       |       |   373 |   265 ||   638
       Troll leather arm |       |       |       |   186 ||   186
Dodge: Dodged            |    64 |   111 |   140 |   238 ||   553
Block: Shield            |       |       |   100 |   468 ||   568
       Rpst.: Falchion   |    20 |    32 |    44 |    59 ||   155
       Long sword        |       |       |       |    11 ||    11

Table legend:
 A = Non-vault XP
 B = Vault XP
 C = Vault XP percentage of total XP
 D = Non-vault monster count
 E = Vault monster count
 F = Vault count percentage of total count
                 A         B        C        D         E       F
            +---------+---------+-------+---------+---------+-------
      Total |   15761 |    7736 |  32.9 |     277 |     100 |  26.5
            +---------+---------+-------+---------+---------+-------
        D:1 |      28 |      29 |  50.9 |      16 |       9 |  36.0
        D:2 |      39 |      22 |  36.1 |      22 |       4 |  15.4
        D:3 |     197 |       0 |   0.0 |      19 |       0 |   0.0
        D:4 |     469 |      48 |   9.3 |      26 |       1 |   3.7
        D:5 |     709 |     127 |  15.2 |      23 |      21 |  47.7
        D:6 |     969 |       0 |   0.0 |      26 |       0 |   0.0
        D:7 |    2283 |     845 |  27.0 |      38 |       5 |  11.6
        D:8 |     926 |     124 |  11.8 |      17 |       1 |   5.6
        D:9 |    2596 |    1601 |  38.1 |      33 |       9 |  21.4
       D:10 |    1731 |     991 |  36.4 |      19 |       4 |  17.4
       D:11 |     476 |      60 |  11.2 |      12 |       1 |   7.7
     Lair:1 |    4055 |     252 |   5.9 |      19 |       5 |  20.8
    Abyss:2 |     468 |       0 |   0.0 |       1 |       0 |   0.0
    Abyss:3 |     815 |     679 |  45.4 |       6 |       1 |  14.3
     Bailey |       0 |    2958 | 100.0 |       0 |      39 | 100.0
            +---------+---------+-------+---------+---------+-------

Table legend:
 A = Turns spent in this place as a percentage of turns spent in the entire game.
 B = Non-inter-level travel turns spent in this place as a percentage of non-inter-level travel turns spent in the entire game.
 C = Inter-level travel turns spent in this place as a percentage of turns spent in this place.
 D = Turns resting spent in this place as a percentage of non-inter-level travel turns spent in this place.
 E = Turns spent auto-exploring this place as a percentage of non-inter-level travel turns spent in this place.
 F = Non-inter-level travel turns spent in this place divided by the number of levels of this place that you've seen.
                   A       B       C       D       E      F
               +-------+-------+-------+-------+-------+----------------------
         Total | 100.0 | 100.0 |   5.0 |  37.8 |  26.1 | 1226.3
       Dungeon |  79.9 |  78.8 |   6.2 |  36.0 |  29.3 | 1318.5
          Lair |   5.8 |   6.1 |   0.0 |  20.3 |  37.0 | 1115.0
         Abyss |   2.9 |   3.0 |   0.0 |  34.5 |   0.0 | 279.5
        Bailey |  11.5 |  12.1 |   0.0 |  59.6 |   6.2 | 2218.0
               +-------+-------+-------+-------+-------+----------------------

Table legend:
 A = Kills in this place as a percentage of kills in entire the game.
 B = Kills by you in this place as a percentage of kills by you in the entire game.
 C = Kills by friends in this place as a percentage of kills by friends in the entire game.
 D = Other kills in this place as a percentage of other kills in the entire game.
 E = Experience gained in this place as a percentage of experience gained in the entire game.
 F = Experience gained in this place divided by the number of levels of this place that you have seen.
                   A       B       C       D       E      F
               +-------+-------+-------+-------+-------+----------------------
         Total | 100.0 | 100.0 | 100.0 | 100.0 | 100.0 | 1566.5
       Dungeon |  81.2 |  83.1 |  57.1 |  50.0 |  60.7 | 1297.3
          Lair |   6.4 |   6.3 |   0.0 |  33.3 |  18.3 | 4307.0
         Abyss |   2.1 |   1.4 |  14.3 |   0.0 |   8.4 | 981.0
        Bailey |  10.3 |   9.1 |  28.6 |  16.7 |  12.6 | 2958.0
               +-------+-------+-------+-------+-------+----------------------
